 Dungeon Sprint DCSS version 0.30-a0-51-g784eafce7f (webtiles) character file.

Game seed: 5126109780558974765

1675 Ankalagon the Basher (level 9, -9/87 HPs)
             Began as a Naga Fighter on Sept 5, 2022.
             Was an Initiate of Qazlal.
             Mangled by a hornet (12 damage)
             ... in the Dungeon (Sprint II: "The Violet Keep of Menkaure").
             The game lasted 00:06:08 (1389 turns).

Ankalagon the Basher (Naga Fighter)                 Turns: 1389, Time: 00:06:08

Health: -9/87      AC: 11    Str: 20    XL:     9   Next: 1%
Magic:  16/18      EV: 10    Int:  6    God:    Qazlal [......]
Gold:   134        SH:  7    Dex: 18    Spells: 8/8 levels left

rFire   . . .      SeeInvis +    a - +0 flail
rCold   . . .      Faith    .    c - +0 buckler
rNeg    . . .      Spirit   .    b - +0 scale mail
rPois   +          Reflect  .    f - +2 helmet
rElec   .          Harm     .    e - +0 cloak of the Stars {MP+9 Dex+3 Stlth+}
rCorr   .          Rampage  .    i - +0 pair of gloves {Str+3}
Will    +....      NoTele   +    (no barding)
Stlth   +.........               (no amulet)
HPRegen 0.24/turn                (no ring)
MPRegen 0.16/turn                (no ring)

@: mighty, hasted, quick
A: AC +3, large, see invisible, deformed body, poison resistance, slowness 2,
spit poison 1, naga tail 1, deterioration 1, dopey 1, low MP 1, weak 1, no
potion heal 1
a: Spit Poison, Renounce Religion


You were in the Dungeon.
You worshipped Qazlal.
Qazlal was noncommittal.
You visited 1 branch You collected 729 gold pieces.
You spent 595 gold pieces at shops.

Inventory:

Hand Weapons
 a - a +0 flail (weapon)
Armour
 b - a +0 scale mail (worn)
 c - a +0 buckler (worn)
 e - the +0 cloak of the Stars (worn) {MP+9 Dex+3 Stlth+}
   (You bought it in a shop in the Dungeon)

   Dex:       It affects your dexterity (+3).
   MP:        It affects your magic capacity (+9).
   Stlth:     It makes you more stealthy.
 f - a +2 helmet (worn)
 i - a +0 pair of gloves of strength (worn)
Potions
 h - 2 potions of magic


   Skills:
 + Level 7.7 Fighting
 - Level 14.0 Maces & Flails
 - Level 2.4 Armour
 + Level 5.7 Dodging
 - Level 9.0 Shields
 + Level 2.7 Invocations


You had 8 spell levels left.
You didn't know any spells.
Your spell library was empty.

Dungeon Overview and Level Annotations

Branches:
Dungeon (1/1)

Altars:
Cheibriados
Dithmenos
Elyvilon
Fedhas
Gozag
Hepliaklqana
Kikubaaqudgha
Makhleb
Nemelex Xobeh
Okawaru
Qazlal
Ru
Sif Muna
Trog
Uskayaw
Vehumet
Wu Jian
Xom
Yredelemnul
Zin
The Shining One
Jiyva
Lugonu

Shops:
D ?:*([[(!=!!:*=:

Annotations:
D exclusions: 2 doors, oklob plant and orange crystal statue


Innate Abilities, Weirdness & Mutations

Your serpentine skin is tough. (AC +3)
You have supernaturally acute eyesight. (SInv)
Armour fits poorly on your strangely shaped body.
Your system is resistant to poisons. (rPois)
You cover ground very slowly.
You can spit poison.
You have a snake-like lower body.
Your body sometimes deteriorates upon taking damage.
You are dopey. (Int -2)
Your magical capacity is low. (-10% MP)
You are weak. (Str -2)
Potions are less effective at restoring your health.


Message History

The polar bear closely misses you.
The polar bear claws you but does no damage.
The polar bear barely misses you. The hornet stings you.
You suddenly lose the ability to move!
The yaktaur hits you! The hornet stings you. The yaktaur hits you!
The polar bear bites you. The polar bear claws you.
* * * LOW HITPOINT WARNING * * *
The polar bear claws you but does no damage.
You can move again.
Unknown command.
Press < or > to pray at altars.
Unknown command.
Press < or > to pray at altars.
Unknown command.
Press < or > to pray at altars.
Okay, then.
Unknown command.
Press < or > to pray at altars.
You aren't carrying any scrolls.
You hit the hornet.
The hornet is moderately wounded.
The hornet closely misses you.
You sock the hornet!
The hornet is heavily wounded.
The yaktaur hits you!
* * * LOW HITPOINT WARNING * * *
The polar bear misses you. The polar bear closely misses you.
The polar bear claws you.
* * * LOW HITPOINT WARNING * * *
Okay, then.
Unknown command.
Press < or > to pray at altars.
You barely miss the hornet.
The hornet is heavily wounded.
The hornet stings you!
* * * LOW HITPOINT WARNING * * *
You sock the hornet!
The hornet is almost dead.
The hornet stings you!
You die...

#'###.##..# +..# .# ?)
#.##.#.#..# #.^# .# $)!
.<.÷###'..### ..##.#▓?(?
#.##.#.#....###.^.##▓▓▓▓
#†###.##......~~~~~~~~~~
.†.####~~.....~#'#######
.#..#~~~~§~~..~#.._.....
.#.##~~~~§§~~.~#hc._....
#'##§~~§≈§~~~~~#@y_._...
~~~~§~~§≈§§≈§§~#._._._..
+#+++#~§§≈≈§≈≈§#_._._._.
≈§§≈ ##≈≈≈###≈≈#._._._._
§≈§≈≈≈##≈≈# #§§#_._._._.
§8≈≈≈≈§+≈≈# #≈≈#..._._._
≈§§≈§≈##≈≈≈≈≈≈≈#########
§≈§≈§## #######~~~~~~~~
+####


You could see a polar bear, a yaktaur and a hornet.

Vanquished Creatures
  A polar bear (D)
  A blink frog (D)
  2 wyverns (D)
  4 neqoxecs (D)
  2 water moccasins (D)
  4 necrophages (D)
14 creatures vanquished.

Vanquished Creatures (others)
  Menkaure (D)
1 creature vanquished.

Grand Total: 15 creatures vanquished

Notes
Turn   | Place    | Note
-------+----------+-------------------------------------------
     0 | D        | Ankalagon the Naga Fighter began the quest for the Orb.
     0 | D        | Reached XP level 1. HP: 21/21 MP: 1/1
     1 | D        | Noticed a neqoxec
     1 | D        | Noticed a neqoxec
    11 | D        | Killed a neqoxec
    12 | D        | Reached skill level 7 in Maces & Flails
    12 | D        | Reached XP level 2. HP: 28/28 MP: 2/2
    12 | D        | Reached XP level 3. HP: 34/34 MP: 3/3
    12 | D        | Reached XP level 4. HP: 42/42 MP: 4/4
    12 | D        | Reached XP level 5. HP: 49/49 MP: 5/5
    14 | D        | Killed a neqoxec
    15 | D        | Reached skill level 9 in Maces & Flails
    15 | D        | Reached XP level 6. HP: 56/56 MP: 6/6
    15 | D        | Noticed a neqoxec
    26 | D        | Killed a neqoxec
    27 | D        | Reached skill level 10 in Maces & Flails
    42 | D        | Noticed a neqoxec
    48 | D        | Gained mutation: You have hidden genetic defects. [a
                  | neqoxec]
    49 | D        | Gained mutation: You are dopey. (Int -2) [a neqoxec]
    50 | D        | Gained mutation: You are weak. (Str -2) [a neqoxec]
    54 | D        | Gained mutation: Potions are less effective at restoring
                  | your health. [a neqoxec]
    60 | D        | Killed a neqoxec
    61 | D        | Reached skill level 12 in Maces & Flails
    61 | D        | Reached XP level 7. HP: 26/62 MP: 7/7
    64 | D        | Gained mutation: Your body sometimes deteriorates upon
                  | taking damage. [hidden defects]
   240 | D        | Noticed a flying skull
   240 | D        | Noticed a flying skull
   240 | D        | Noticed a flying skull
   240 | D        | Noticed a flying skull
   240 | D        | Noticed a flying skull
   240 | D        | Noticed a flying skull
   240 | D        | Noticed a flying skull
   244 | D        | Noticed a flying skull
   244 | D        | Noticed a flying skull
   244 | D        | Noticed a flying skull
   244 | D        | Noticed a flying skull
   252 | D        | Noticed a wyvern
   252 | D        | Noticed a wyvern
   263 | D        | Killed a wyvern
   264 | D        | Reached skill level 13 in Maces & Flails
   266 | D        | Gained mutation: Your magical capacity is low. (-10% MP)
                  | [hidden defects]
   266 | D        | Lost mutation: You have hidden genetic defects. [hidden
                  | defects expressed]
   268 | D        | Killed a wyvern
   269 | D        | Reached skill level 14 in Maces & Flails
   502 | D        | Noticed a boulder beetle
   502 | D        | Noticed a boulder beetle
   511 | D        | Reached skill level 1 in Dodging
   511 | D        | Reached XP level 8. HP: 72/72 MP: 7/7
   532 | D        | Reached skill level 5 in Fighting
   562 | D        | Noticed an orange crystal statue
   567 | D        | Found Xygavah's Book Shop.
   568 | D        | Found Acih's Assorted Antiques.
   568 | D        | Found Kirantu's Jewellery Boutique.
   569 | D        | Found Inkyw's Distillery.
   569 | D        | Found Ytentamn's Distillery.
   569 | D        | Found Qudun's Jewellery Shop.
   569 | D        | Found Qolic's Book Shop.
   570 | D        | Found Zije's Antique Weapon Boutique.
   570 | D        | Found Xegy's Antique Armour Boutique.
   570 | D        | Found Hongay's Distillery.
   584 | D        | Found Ijetux's Antique Armour Shop.
   585 | D        | Found Notriblu's Weapon Boutique.
   585 | D        | Found Jaranuos's Assorted Antiques.
   585 | D        | Noticed a wyvern
   585 | D        | Noticed a wyvern
   585 | D        | Noticed a wyvern
   585 | D        | Noticed an oklob plant
   586 | D        | Noticed a fire dragon
   586 | D        | Found Wawkacwu's Book Shoppe.
   586 | D        | Found Zeuleugept's Magic Scroll Boutique.
   625 | D        | Killed Menkaure
   906 | D        | Noticed a shining eye
   907 | D        | Noticed a shining eye
   908 | D        | Noticed a shining eye
   918 | D        | Bought a twisted cloak for 161 gold pieces
   918 | D        | Identified the +0 cloak of the Stars {MP+9 Dex+3 Stlth+}
                  | (You bought it in a shop in the Dungeon)
   925 | D        | Bought a runed helmet for 217 gold pieces
   925 | D        | Bought a pair of embroidered gloves for 217 gold pieces
   950 | D        | Noticed a blink frog
  1214 | D        | Killed a blink frog
  1215 | D        | Reached skill level 5 in Dodging
  1358 | D        | Found a stormy altar of Qazlal.
  1358 | D        | Found an ornate altar of the Wu Jian Council.
  1359 | D        | Found a hazy altar of Hepliaklqana.
  1359 | D        | Found a sacrificial altar of Ru.
  1360 | D        | Found a viscous altar of Jiyva.
  1360 | D        | Found a shimmering blue altar of Sif Muna.
  1361 | D        | Found a snail-covered altar of Cheibriados.
  1361 | D        | Found an ancient bone altar of Kikubaaqudgha.
  1361 | D        | Found a shimmering altar of Xom.
  1361 | D        | Found a bloodstained altar of Trog.
  1362 | D        | Found a shadowy altar of Dithmenos.
  1362 | D        | Found a corrupted altar of Lugonu.
  1363 | D        | Found a glowing golden altar of the Shining One.
  1363 | D        | Found a basalt altar of Yredelemnul.
  1363 | D        | Found a hide-covered altar of Uskayaw.
  1364 | D        | Found a white marble altar of Elyvilon.
  1364 | D        | Found a burning altar of Makhleb.
  1365 | D        | Found a blossoming altar of Fedhas.
  1366 | D        | Found an opulent altar of Gozag.
  1366 | D        | Found a sparkling altar of Nemelex Xobeh.
  1366 | D        | Noticed a hornet
  1366 | D        | Noticed a polar bear
  1366 | D        | Noticed a polar bear
  1366 | D        | Noticed a yaktaur
  1367 | D        | Found a glowing silver altar of Zin.
  1367 | D        | Found a radiant altar of Vehumet.
  1367 | D        | Found an iron altar of Okawaru.
  1370 | D        | Became a worshipper of Qazlal Stormbringer
  1382 | D        | Killed a polar bear
  1383 | D        | Reached XP level 9. HP: 58/87 MP: 9/9
  1384 | D        | Paralysed by a hornet for 1 turns
  1388 | D        | HP: 3/87 [hornet (8)]
  1389 | D        | Mangled by a hornet

Illustrated notes

Levels and vault maps discovered:
D:        the_violet_keep_of_menkaure [sprint2_stairs_cluster_1,
          sprint2_shoproom, sprint2_temple, sprint2_basic_supplies,
          sprint2_obstacle_4, sprint2_obstacle_7, sprint2_obstacle_1,
          sprint2_obstacle_2, sprint2_obstacle_6, sprint2_timed_cluster_1,
          sprint2_smallroom_cluster_1, sprint2_smallroom_final_cluster_1,
          sprint2_transparent_cluster_1, sprint2_second_timed_cluster_1,
          sprint2_sniper_area_1, sprint2_heavy_combat_area_1,
          sprint2_mutation_trap_area_1, sprint2_forest_area_1,
          sprint2_light_combat_area_1, sprint2_behind_water_1,
          sprint2_near_end_vault_1]

Skill      XL: |  1  2  3  4  5  6  7  8 |
---------------+-------------------------+-----
Maces & Flails | 7 9 12 14 | 14.0
Shields        | 7 8 9 |  9.0
Dodging        | 1 5 |  5.7
Fighting       | 7 |  7.7
Invocations    | 2 |  2.7
Armour         | |  2.4

Action                   |  1- 3 |  4- 6 |  7- 9 || total
-------------------------+-------+-------+-------++-------
Melee: Flail             |     4 |    29 |    87 ||   120
 Abil: Spit Poison       |       |     1 |     7 ||     8
  Use: Potion            |     1 |     1 |     3 ||     5
       Scroll            |       |       |     1 ||     1
 Stab: Sleeping          |       |       |     1 ||     1
Armor: Scale mail        |       |     2 |    31 ||    33
Dodge: Dodged            |     1 |     8 |    30 ||    39
Block: Buckler           |       |     4 |    22 ||    26

Table legend: (Time is in decaauts)
 A = Elapsed time spent in this place.
 B = Non-inter-level travel time spent in this place.
 C = Inter-level travel time spent in this place.
 D = Time resting spent in this place.
 E = Time spent auto-exploring this place.
 F = Levels seen in this place.
 G = Mean time per level.
                   A        B        C        D        E       F      G
               +--------+--------+--------+--------+--------+-----+--------+
         Total |   1465 |   1452 |     13 |   1061 |      0 |   1 | 1465.0 |
       Dungeon |   1465 |   1452 |     13 |   1061 |      0 |   1 | 1465.0 |
               +--------+--------+--------+--------+--------+-----+--------+

Top non-repeatable levels by time:
       D: 1465 daAuts
